 Dungeon Crawl Stone Soup version 0.16-a0-2093-g8c923f7 (webtiles) character file.

36 PolkaDot the Caller (level 3, -1/27 HPs)
             Began as a Vampire Summoner on Nov 12, 2014.
             Slain by a gnoll
             ... wielding a +1 whip of draining
              (8 damage)
             ... on level 1 of the Dungeon.
             The game lasted 00:03:21 (1241 turns).

PolkaDot the Caller (Vampire Summoner)              Turns: 1241, Time: 00:03:21

Health: -1/27      AC:  2    Str:  7    XL:     3   Next: 19%
Magic:  5/6        EV: 12    Int: 18    God:
Gold:   38         SH:  0    Dex: 14    Spells: 1 memorised, 5 levels left

rFire  . . .     SeeInvis +     f - +0 dagger
rCold  . . .     Clarity  .     a - +0 robe
rNeg   . . .     SustAb   .     (no shield)
rPois  .         Gourm    .     (no helmet)
rElec  .         Spirit   .     (no cloak)
rCorr  .         Warding  .     (no gloves)
rMut   .         Stasis   .     (no boots)
MR     .....                    (no amulet)
Stlth  ++........               (no ring)
                                (no ring)

@: regenerating quickly, not resistant to hostile enchantments, unstealthy
A: fangs 3, see invisible, unbreathing
a: no special abilities


You were on level 1 of the Dungeon.
You were very full.

You visited 1 branch of the dungeon, and saw 2 of its levels.

You collected 38 gold pieces.

Inventory:

Hand weapons
 f - a +0 dagger (weapon)
Armour
 a - a +0 robe (worn)
Jewellery
 d - a +1 ring of intelligence {unknown}
Scrolls
 c - a scroll of immolation {unknown}
Potions
 e - a potion of cancellation {unknown}
 g - a potion of flight {unknown}
Books
 b - a book of Callings

   Spells                             Type                      Level
   *Summon Small Mammal               Summoning                    1
   Call Imp                           Summoning                    2
   Call Canine Familiar               Summoning                    3
   Summon Guardian Golem              Hexes/Summoning              4
   Summon Lightning Spire             Summoning/Air                4
   Summon Ice Beast                   Ice/Summoning                4


   Skills:
 * Level 2.1 Fighting
 - Level 2.1 Dodging
 - Level 3.0 Stealth
 - Level 2.0 Spellcasting
 + Level 4.3 Summonings


You had 5 spell levels left.
You knew the following spells:

 Your Spells              Type           Power        Failure   Level  Hunger
a - Summon Small Mammal   Summ           ###.         3%          1    #......


Dungeon Overview and Level Annotations

Branches:
Dungeon (2/15)

Altars:


Innate Abilities, Weirdness & Mutations

Your natural rate of healing is unusually fast.
You have razor-sharp teeth.
You have supernaturally acute eyesight.
You can survive without breathing.


Message History

The gnoll hits your quokka with a glowing whip!
Your quokka dies!
Your quokka's corpse disappears in a puff of smoke!
Your quokka bites the gnoll but does no damage.
Your quokka bites the gnoll.
The gnoll closely misses you.
Your quokka bites the gnoll.
Your quokka bites the gnoll but does no damage.
Your quokka bites the gnoll.
Your quokka barely misses the gnoll.
There is a stone staircase leading down, spattered with blood here.
You see here a club.
Your quokka disappears in a puff of smoke!
Casting: Summon Small Mammal
Confirm with . or Enter, or press ? or * to list all spells.
The gnoll hits you with a glowing whip!
* * * LOW HITPOINT WARNING * * *
There is an open door here.
The gnoll hits you with a glowing whip!
You die...

#.....### #...##.##.#.#.#
#.....# #.#.....).#.#.#
#.....# #.#.....###.#.#
......# ##'#.[...# #.#)#
#.....# #........# #.#.#
#.....#####........###.#.#
.......................#.#
...########...r#g..#####.#
..## #....'@>.......# ..#
#....#.#.####..# ..#
#....#.#§####..# .######
#....#.#.§..#..# ......#
#....#.####r#..# #####.#
######.# #.#..# ....#.#
#.# #r#..# .##.#.# #.#
#.#r.# ..#.#.# #.# #.#..#


You could see a gnoll and a friendly rat.

Vanquished Creatures
  A gnoll (D:2)
  A giant gecko (D:1)
  An ooze (D:1)
  2 ball pythons (D:1)
  2 bats (D:1)
  A hobgoblin (D:1)
  3 jackals (D:1)
  2 kobolds (D:1)
  A giant cockroach (D:1)
  A giant newt (D:1)
  6 goblins (D:1)
  4 rats (D:1)
25 creatures vanquished.

Vanquished Creatures (others)
  A quokka (D:1)
1 creature vanquished.

Grand Total: 26 creatures vanquished

Notes
Turn   | Place    | Note
--------------------------------------------------------------
     0 | D:1      | PolkaDot, the Vampire Summoner, began the quest for the Orb.
     0 | D:1      | Reached XP level 1. HP: 13/13 MP: 3/3
   416 | D:1      | Reached skill level 1 in Fighting
   593 | D:1      | Reached XP level 2. HP: 21/21 MP: 4/4
  1204 | D:2      | Reached XP level 3. HP: 27/27 MP: 6/6
  1241 | D:1      | Slain by a gnoll

Action                   || total
-------------------------++-------
Melee: Unarmed           ||    49
       Dagger            ||   101
 Cast: Summon Small Mamm ||     3
  Use: Potion            ||     1
 Stab: Sleeping          ||     3
  Eat: Corpse            ||     8
